 Dungeon Crawl Stone Soup version 0.16.2-12-gd0ad4c3 (webtiles) character file.

636709 dvd the Crack Shot (level 27, 0/251 HPs)
             Began as a Minotaur Berserker on Sept 12, 2015.
             Was the Champion of Trog.
             Slain by Poguekel the pandemonium lord (31 damage)
             ... on level 3 of the Dungeon on Sept 14, 2015.
             The game lasted 11:13:52 (82160 turns).

dvd the Crack Shot (Minotaur Berserker)            Turns: 82160, Time: 11:13:53

Health: 0/251      AC: 37    Str: 30    XL:     27
Magic:  20/20      EV: 20    Int:  6    God:    Trog [******]
Gold:   5653       SH:  0    Dex: 19    Spells: 0 memorised, 26 levels left

rFire  + + .     SeeInvis .     a - +9 lajatang (flame)
rCold  + + .     Clarity  .     r - +5 chain mail "Kleapna" {rF++ rC+ Str-2 Dex+3}
rNeg   + . .     SustAb   .     (no shield)
rPois  +         Gourm    .     Y - +2 hat "Suidi" {+Blink rElec Int+2}
rElec  +         Spirit   .     w - +2 cloak {rPois}
rCorr  +         Warding  .     P - +2 pair of gloves {Dex+3}
rMut   .         Stasis   .     W - +2 pair of boots of Noughts and Crosses {rCorr Str+3 Stlth+}
MR     +++..                    S - amulet "Mnuttel" {Faith rElec rPois MR+ Slay+3}
Stlth  +.........               j - ring "Berr" {rC+ Slay+3}
                                p - ring "Ghub" {+Fly rN+ Str+3}

@: lethally poisoned (0 -> -16), studying Stealth, extremely resistant to
hostile enchantments, very unstealthy
A: retaliatory headbutt, horns 2, clumsy 1, regeneration 1, weak 2, placid magic
1
a: Burn Spellbooks, Berserk, Trog's Hand, Brothers in Arms, Renounce Religion,
Evoke Blink, Evoke Flight
0: Orb of Zot
}: 3/15 runes: serpentine, barnacled, silver


You were on level 3 of the Dungeon.
You worshipped Trog.
Trog was exalted by your worship.
You were not hungry.

You visited 11 branches of the dungeon, and saw 55 of its levels.
You visited 1 bazaar.
You also visited: Sewer and Ice Cave.

You collected 7254 gold pieces.
You spent 1601 gold pieces at shops.

Inventory:

Hand weapons
 a - a +9 lajatang of flaming (weapon)
 b - a +9 longbow of flaming
 c - the +8 longbow "Taiw" {velocity, MR+ SInv}
   (Trog gifted it to you on level 4 of the Orcish Mines)

   Any arrow fired from it inflicts extra damage.
   It affects your resistance to hostile enchantments.
   It enhances your eyesight.
 i - the +9 quarterstaff "Qasatais" {crush, +Blink MR- Str+3 Stlth-}
   (Trog gifted it to you on level 4 of the Realm of Zot)

   It inflicts extra damage upon your enemies.
   It affects your strength (+3).
   It affects your resistance to hostile enchantments.
   It lets you blink.
   It makes you less stealthy.
 N - a +2 antimagic quarterstaff
 X - the +8 longbow of the Fifty Suns {freeze, +Blink Int+2 Dex+4 Stlth+}
   (Trog gifted it to you on level 5 of the Depths)

   It causes projectiles fired from it to freeze those they strike, causing
   extra injury to most foes and up to half again as much damage against
   particularly susceptible opponents.
   They can also slow down cold-blooded creatures.
   It affects your intelligence (+2).
   It affects your dexterity (+4).
   It lets you blink.
   It makes you more stealthy.
 Z - the +7 executioner's axe "Viem" {chop, Int+2}
   (You took it off a green draconian on level 5 of the Realm of Zot)

   It inflicts extra damage upon your enemies.
   It affects your intelligence (+2).
Missiles
 g - a javelin of penetration (quivered)
 l - 41 javelins of returning
 o - 457 arrows
 u - 26 poisoned arrows
 C - 15 poisoned javelins
 T - 104 arrows of dispersal
 U - 33 steel javelins
 V - 15 tomahawks of returning
Armour
 k - the +12 crystal plate armour "Warphotu" {rC+ MR- MP+9 Int+5 Stlth+}
   (You took it off a deep elf high priest on level 5 of the Vaults)

   It affects your intelligence (+5).
   It protects you from cold.
   It affects your resistance to hostile enchantments.
   It affects your magic capacity (+9).
   It makes you more stealthy.
 r - the +5 chain mail "Kleapna" (worn) {rF++ rC+ Str-2 Dex+3}
   (You bought it in a shop on level 14 of the Dungeon)

   It affects your strength (-2).
   It affects your dexterity (+3).
   It greatly protects you from fire.
   It protects you from cold.
 w - a +2 cloak of poison resistance (worn)
 x - the +3 hat of Pondering {ponderous, MR+ MP+10 Int+5}
   (You took it off Gastronok on level 11 of the Dungeon)

   It affects your intelligence (+5).
   It affects your resistance to hostile enchantments.
   It affects your magic capacity (+10).
 H - a +2 pair of boots of flying
 P - a +2 pair of gloves of dexterity (worn)
 W - the +2 pair of boots of Noughts and Crosses (worn) {rCorr Str+3 Stlth+}
   (You found it on level 11 of the Dungeon)

   It affects your strength (+3).
   It protects you from acid and corrosion.
   It makes you more stealthy.
 Y - the +2 hat "Suidi" (worn) {+Blink rElec Int+2}
   (You acquired it on level 10 of the Dungeon)

   It affects your intelligence (+2).
   It insulates you from electricity.
   It lets you blink.
Rods
 d - a +2 rod of destruction (10/10)
   (You took it off a fire giant on level 2 of the Depths)
Jewellery
 j - the ring "Berr" (right hand) {rC+ Slay+3}
   (You took it off a deep elf high priest on level 5 of the Vaults)

   [ring of protection from cold]

   It affects your accuracy and damage with ranged weapons and melee attacks
   (+3).
   It protects you from cold.
 n - the ring "Shioq" {MR+ Dex+3}
   (You found it on level 4 of the Dungeon)

   [ring of dexterity]

   It affects your dexterity (+3).
   It affects your resistance to hostile enchantments.
 p - the ring "Ghub" (left hand) {+Fly rN+ Str+3}
   (You found it on level 3 of the Depths)

   [ring of flight]

   It affects your strength (+3).
   It protects you from negative energy.
   It lets you fly.
 t - a +6 ring of evasion
 y - the amulet of Cekugob {Ward -Tele rElec rPois rN++ AC+1 EV+1}
   (You found it on level 6 of the Lair of Beasts)

   [amulet of warding]

   It may prevent the melee attacks of summoned creatures.
   It affects your AC (+1).
   It affects your evasion (+1).
   It insulates you from electricity.
   It protects you from poison.
   It greatly protects you from negative energy.
   It prevents most forms of teleportation.
 B - the ring of Greater Demons {rN+ Str+2 Int+6}
   (You found it on level 3 of the Depths)

   [ring of strength]

   It affects your strength (+2).
   It affects your intelligence (+6).
   It protects you from negative energy.
 I - the amulet "Fuoseos" {Clar -Cast rPois rF+ Int+9 Dex-4}
   (You found it on level 5 of the Shoals)

   [amulet of clarity]

   It provides mental clarity.
   It affects your intelligence (+9).
   It affects your dexterity (-4).
   It protects you from fire.
   It protects you from poison.
   It prevents spellcasting.
 K - the amulet "Xell" {Faith rC+ rN+}
   (You found it on level 5 of the Shoals)

   [amulet of faith]

   It allows you to gain divine favour quickly.
   It protects you from cold.
   It protects you from negative energy.
 S - the amulet "Mnuttel" (around neck) {Faith rElec rPois MR+ Slay+3}
   (You found it on level 8 of the Lair of Beasts)

   [amulet of faith]

   It allows you to gain divine favour quickly.
   It affects your accuracy and damage with ranged weapons and melee attacks
   (+3).
   It insulates you from electricity.
   It protects you from poison.
   It affects your resistance to hostile enchantments.
Magical devices
 M - a wand of teleportation (6)
Scrolls
 s - 14 scrolls of teleportation
 v - a scroll of holy word
 z - 5 scrolls of recharging
 E - 20 scrolls of identify
 L - 26 scrolls of remove curse
 O - 2 scrolls of brand weapon
 R - a scroll of enchant armour
Potions
 e - a potion of haste
 h - 9 potions of restore abilities
 m - a potion of resistance
 F - a potion of heal wounds
 G - 9 potions of curing
 J - 2 potions of cancellation
 Q - 2 potions of cure mutation
Books
 D - a manual of Stealth
Comestibles
 f - 44 fruits
 q - 22 meat rations
 A - 23 bread rations


   Skills:
 + Level 21.5 Fighting
 + Level 12.4(19.6) Maces & Flails
 + Level 24.0(24.8) Staves
   Level 4.4(10.0) Slings
 + Level 26.5 Bows
   Level 1.9 Crossbows
 + Level 12.5(12.7) Throwing
 * Level 26.3 Armour
 + Level 13.4 Dodging
 + Level 4.3 Stealth
 - Level 4.0 Unarmed Combat
 + Level 2.8 Evocations


You had 26 spell levels left.
You didn't know any spells.

Dungeon Overview and Level Annotations

Branches:
Dungeon (15/15)            Temple (1/1) D:5            Lair (8/8) D:11
 Shoals (5/5) Lair:4        Snake (5/5) Lair:6        Slime (0/6) Lair:6
    Orc (4/4) D:11            Elf (1/3) Orc:4        Vaults (5/5) D:13
  Crypt (0/3) Vaults:3     Depths (5/5) D:15           Hell (1/1)
    Geh (0/7) Hell            Zot (5/5) Depths:5
    Dis: Hell:1         Coc: Hell:1         Tar: Hell:1

Altars:
Ashenzari
Cheibriados
Dithmenos
Elyvilon
Fedhas
Gozag
Kikubaaqudgha
Makhleb
Nemelex Xobeh
Okawaru
Qazlal
Ru
Sif Muna
Trog
Vehumet
Xom
Yredelemnul
Zin
The Shining One
Beogh
Jiyva

Shops:
D:5 (*   D:9 :   D:14 *:*%?   Orc:4 :**[   Elf:1 *   Shoals:1 *[   Shoals:3 (
Shoals:4 =!%(   Vaults:2 ?:   Vaults:4 :

Portals:
Hell: Depths:1 Depths:2 Depths:3 Depths:4 Depths:5
Abyss: Depths:4
Pandemonium: Depths:3 Depths:4
Ziggurat: Depths:4

Annotations:
Shoals:5 1 exclusion
Hell Geryon


Innate Abilities, Weirdness & Mutations

You reflexively headbutt those who attack you in melee.
You have a pair of horns on your head.
You are clumsy. (Dex -2)
Your natural rate of healing is unusually fast.
You are very weak. (Str -4)
Your spells are a little easier to cast, but a little less powerful.


Message History

You slash Poguekel! You burn Poguekel.
Poguekel is lightly wounded.
Poguekel hits you!!
* * * LOW HITPOINT WARNING * * *
You are poisoned.
You hit Poguekel. You burn Poguekel. Your headbutt misses Poguekel.
Poguekel is lightly wounded.
You feel very sick. Poguekel hits you but does no damage.
You slice Poguekel!! You burn Poguekel! You headbutt Poguekel.
Poguekel is moderately wounded.
You feel sick. Poguekel hits you.
* * * LOW HITPOINT WARNING * * *
You feel very sick. Poguekel hits you but does no damage.
The tormentor calls on the powers of darkness!
Your body is wracked with pain!
* * * LOW HITPOINT WARNING * * *
Poguekel hits you!!
You die...

####.#.# ##.##### .....#.#
#......# .#####.#
#..###.#### .# #.#
#.....#...# .#
#.#####.####.##.# .#
#...............# ##### .#
#######.##.#.######## #...#
.# #.............####.#.#
.#
####....@.######.##...#..
.# ##.###.#&###
#......##### .#
##.#.##.#.######.####...#..
.# ##.###..........#.#
###.#.# .#####.##
##...2...#.#.# #...#
........###.###h.#.#.#.#
##.## .#######.#..#
#..#2#.#.# ###.## .#
##.#.###......#.## #...##
.# ######...##.........#
#.####


You could see Poguekel, a hell hog (wandering) and a tormentor.

Vanquished Creatures
  4 orbs of fire
  2 ancient liches (Zot:5)
  Saint Roka (Snake:2)
  2 Killer Klowns (Zot:5)
  5 curse toes
  5 golden dragons
  3 electric golems
  Nikola (Shoals:3)
  17 tentacled monstrosities
  5 liches
  28 Orb Guardians
  Asterion (Snake:4)
  9 titans
  3 quicksilver dragons
  Polyphemus (Shoals:2)
  A kraken (Shoals:4)
  An Executioner (D:15)
  3 sphinxes (Vaults:4)
  5 octopode crushers
  Rupert (Lair:3)
  Agnes (Snake:2)
  12 tengu reavers
  10 shadow dragons
  17 storm dragons
  Roxanne (Shoals:5)
  9 draconian monks
  Ilsuiw (Shoals:5)
  9 vault wardens
  6 greater nagas
  Donald (Orc:3)
  Wiglaf (Vaults:1)
  An iron dragon (Depths:5)
  8 frost giants
  6 ghost moths
  4 draconian scorchers
  13 fire giants
  3 draconian knights
  4 emperor scorpions
  11 draconian zealots
  2 deep elf sorcerers
  An orc warlord (Orc:4)
  Gastronok (D:11)
  A cacodemon (Depths:2)
  A ghoul (Vaults:3)
  Jorgrun (Depths:2)
  13 very ugly things
  7 draconian annihilators
  3 draconian shifters
  17 ironheart preservers
  A reaper (Depths:2)
  A green draconian (shapeshifter) (Zot:4)
  8 grey draconians
  6 rakshasas
  6 draconian callers
  31 stone giants
  3 war gargoyles (Vaults:4)
  3 deep elf annihilators
  2 dire elephants
  5 yellow draconians
  2 vampire knights
  14 green draconians
  A deep elf demonologist (Vaults:2)
  3 salamander firebrands (Hell)
  8 black draconians
  9 pale draconians
  4 red draconians
  6 purple draconians
  A black draconian (shapeshifter) (Zot:4)
  2 unborn (Zot:4)
  9 white draconians
  12 mottled draconians
  A very ugly thing zombie (Vaults:3)
  Snorg (Snake:3)
  15 merfolk javelineers
  2 minotaurs
  2 deep elf death magi (Zot:4)
  21 yaktaur captains
  22 ettins
  9 merfolk impalers
  A jiangshi (Vaults:3)
  28 vault guards
  2 crystal guardians
  18 fire dragons
  6 deep elf high priests
  Fannar (D:11)
  14 ice dragons
  Harold (D:14)
  8 hydras
  8 naga warriors
  8 great orbs of eyes
  Nessos (D:11)
  A monstrous demonspawn (Depths:3)
  7 death cobs
  A spriggan air mage (Depths:3)
  4 merfolk aquamancers
  A catoblepas (Shoals:2)
  6 merfolk avatars
  8 anacondas
  3 alligator snapping turtles (Shoals:5)
  28 ogre magi
  3 satyrs
  2 hell beasts (Hell)
  A dancing weapon (Vaults:5)
  29 death yaks
  13 centaur warriors
  12 deep troll earth magi
  13 naga sharpshooters
  3 sun demons
  6 shock serpents
  6 orc high priests (Orc:4)
  3 spriggan berserkers
  2 spriggans (Depths:5)
  Nergalle (Orc:3)
  2 iron trolls (Depths:5)
  A soul eater (Zot:2)
  6 deep troll shamans (Depths:5)
  14 hell knights
  5 shadow wraiths
  An ice devil (Vaults:5)
  Erolcha (D:11)
  A titan skeleton (Depths:2)
  An unseen horror (shapeshifter) (Depths:3)
  4 salamander mystics
  A gelid demonspawn (Depths:3)
  2 death drakes (Zot:4)
  6 deep elf knights
  A fire crab (Snake:2)
  A storm dragon skeleton (Vaults:3)
  12 sea snakes
  5 unseen horrors
  2 lindwurms
  A deep elf summoner (Depths:3)
  21 orc knights
  15 hill giants
  5 giant orange brains
  5 deep elf conjurers
  An ice statue (IceCv)
  A dwarf zombie (Vaults:1)
  2 flayed ghosts
  13 harpies
  2 wolf spider zombies
  A tengu zombie (Vaults:4)
  7 naga ritualists
  7 necromancers
  5 wizards
  22 ironbrand convokers
  37 deep trolls
  7 mana vipers
  8 orc sorcerers
  3 deathcaps
  A draconian zombie (Zot:2)
  A fire giant zombie (Vaults:3)
  2 mana vipers (shapeshifter)
  41 ugly things
  A stone giant zombie (Depths:1)
  A sphinx skeleton (Vaults:3)
  10 griffons
  5 water nymphs
  5 fauns
  5 wolf spiders
  A griffon (shapeshifter) (Vaults:5)
  32 moths of wrath
  16 cyclopes
  18 elephants
  17 vault sentinels
  5 hornets
  4 phantasmal warriors
  11 salamanders
  4 sixfirhies
  A manticore (shapeshifter) (Vaults:2)
  The ghost of Britaniac the Conjurer, an experienced HEFE of Vehumet (D:6)
  12 naga magi
  A toenail golem (Zot:3)
  10 manticores
  6 sirens
  Joseph (D:10)
  A smoke demon (Orc:2)
  An octopode (shapeshifter) (Depths:4)
  A frost giant skeleton (Vaults:4)
  A drowned soul (Shoals:2)
  5 guardian serpents
  An orange demon (Depths:3)
  A moth of wrath (shapeshifter) (Depths:3)
  41 black mambas
  A large abomination (Depths:4)
  2 rust devils
  3 torpor snails
  Psyche (D:11)
  24 spiny frogs
  4 kobold demonologists
  2 hellions
  A yaktaur zombie (Vaults:3)
  52 yaktaurs
  An elf skeleton (Depths:2)
  A tormentor (D:12)
  A redback zombie (D:15)
  9 komodo dragons
  A komodo dragon (shapeshifter) (Depths:4)
  5 fire drakes
  A queen bee (shapeshifter) (Vaults:3)
  2 human skeletons
  5 trolls
  7 wandering mushrooms
  4 tengu conjurers
  2 hellwings
  4 harpy zombies (Zot:4)
  4 blue devils
  6 freezing wraiths
  4 deep elf priests
  A giant leech (shapeshifter) (Vaults:4)
  A merfolk (shapeshifter) (Depths:3)
  15 polar bears (IceCv)
  A polar bear (shapeshifter) (Vaults:4)
  Sonja (Orc:3)
  52 two-headed ogres
  A golden dragon simulacrum (Zot:4)
  44 merfolk
  A raiju (shapeshifter) (Vaults:5)
  4 wind drakes
  A fire dragon zombie (Zot:5)
  27 slime creatures
  A baby alligator (shapeshifter) (Vaults:3)
  A harpy skeleton (D:12)
  3 ravens
  20 blink frogs
  5 boulder beetles
  A boulder beetle (shapeshifter) (Vaults:5)
  A centaur simulacrum (D:14)
  An ettin zombie (Depths:2)
  6 raiju (Zot:4)
  A basilisk (Lair:8)
  7 snapping turtles
  A basilisk (shapeshifter) (Vaults:1)
  A frost giant simulacrum (Depths:1)
  2 air elementals (Depths:3)
  2 shadows
  The ghost of dvd the Chucker, an average OgHu (D:7)
  A vampire (Zot:4)
  An ettin skeleton (Depths:1)
  5 redbacks
  5 wyverns
  13 hippogriffs
  18 deep elf magi
  A tarantella (shapeshifter) (Vaults:1)
  24 vampire mosquitoes
  14 wolves
  4 wraiths
  54 yaks
  23 water elementals
  19 humans (D:13)
  5 hungry ghosts
  Grum (Orc:1)
  17 deep elf fighters
  A ynoxinul (Zot:3)
  2 fire elementals (Hell)
  3 mottled dragons
  A steam dragon (D:7)
  2 soldier ants (shapeshifter)
  5 human zombies
  7 wargs
  A chaos spawn (D:7)
  50 nagas
  11 porcupines
  37 water moccasins
  2 black bears (shapeshifter)
  14 ice beasts
  An ettin simulacrum (Vaults:3)
  A swamp drake (Zot:4)
  6 sky beasts
  100 ogres
  An eye of draining (D:12)
  78 orc warriors
  2 wasps (Depths:5)
  10 boggarts
  An eye of draining (shapeshifter) (Vaults:4)
  12 crocodiles
  An ogre (shapeshifter) (Depths:3)
  The ghost of raikaria the Slasher, an average HEWr (D:3)
  13 centaurs
  A crocodile (shapeshifter) (Snake:3)
  Duvessa (Orc:1)
  10 big kobolds
  Blork the orc (Orc:1)
  A gnoll sergeant (D:7)
  29 giant frogs
  3 scorpions
  24 killer bees
  8 wights
  16 electric eels
  A goliath beetle (D:7)
  Dowan (Orc:1)
  4 centaur zombies
  7 jellies
  3 quasits
  9 crimson imps
  4 iron imps
  A giant frog skeleton (D:13)
  A human simulacrum (Vaults:3)
  Crazy Yiuf (D:2)
  2 giant frog zombies
  37 orc priests
  13 hounds
  4 iguanas
  31 orc wizards
  14 worker ants
  4 centaur skeletons
  A gnoll shaman (D:7)
  A shapeshifter simulacrum (Depths:1)
  22 sheep
  2 killer bee zombies
  Ijyb (D:2)
  Jessica (D:2)
  A mummy (Zot:4)
  27 gnolls
  A worker ant zombie (D:6)
  49 adders
  54 river rats
  3 giant mites
  5 shadow imps
  4 white imps
  3 ufetubi
  2 worms
  3 adder skeletons
  2 giant geckos
  An ooze (D:1)
  316 orcs
  4 ball pythons
  13 bats
  2 gnoll zombies (D:9)
  49 goblins
  58 hobgoblins
  24 jackals
  20 quokkas
  8 giant cockroaches
  9 giant newts
  2 giant spores
  A hobgoblin zombie (Orc:2)
  47 kobolds
  3 orc zombies
  19 rats
  3 spectral orcs (Orc:3)
  6 ballistomycetes
  A butterfly (Zot:4)
  A fungus (Lair:7)
  19 plants
  3 tentacles
3155 creatures vanquished.

Vanquished Creatures (collateral kills)
  A necrophage (D:9)
  A crimson imp (D:9)
  A hobgoblin (D:9)
  A jackal (D:9)
  A kobold (D:9)
5 creatures vanquished.

Vanquished Creatures (others)
  2 eldritch tentacles (Vaults:5)
  A necromancer (Vaults:3)
  An ironbrand convoker (Vaults:3)
  A faun (Shoals:4)
  An ugly thing zombie (Vaults:3)
  A deep elf conjurer (Vaults:4)
  A fire giant zombie (Vaults:3)
  3 drowned souls
  A salamander zombie (Hell)
  A black mamba (Snake:5)
  A blue devil (Zot:4)
  A two-headed ogre (Vaults:3)
  A wandering mushroom (Zot:3)
  A troll (Snake:3)
  A basilisk (Lair:8)
  A water elemental (D:13)
  A deep elf mage (Vaults:4)
  3 yaks (D:11)
  A deep elf fighter (Vaults:4)
  An ogre zombie (Vaults:3)
  A naga (Snake:5)
  A swamp drake (Zot:4)
  A lost soul (Zot:4)
  A glowing shapeshifter simulacrum (Vaults:2)
  A hound (D:5)
  An orc wizard (Orc:4)
  A killer bee zombie (D:9)
  2 adders (D:13)
  2 orcs
  A giant spore (D:6)
  188 eldritch tentacle segments (Vaults:5)
  35 fungi
  17 plants
  18 tentacles
  144 tentacle segments
439 creatures vanquished.

Grand Total: 3599 creatures vanquished

Notes
Turn   | Place    | Note
--------------------------------------------------------------
     0 | D:1      | dvd, the Minotaur Berserker, began the quest for the Orb.
     0 | D:1      | Reached XP level 1. HP: 19/19 MP: 1/1
   162 | D:1      | Reached skill level 4 in Fighting
   163 | D:1      | Reached XP level 2. HP: 18/27 MP: 1/1
   249 | D:1      | Acquired Trog's second power
   620 | D:2      | Reached XP level 3. HP: 23/33 MP: 2/2
   818 | D:2      | Noticed Ijyb
   825 | D:2      | Killed Ijyb
   949 | D:2      | Found a sacrificial altar of Ru.
   955 | D:2      | Noticed Jessica
   959 | D:2      | Killed Jessica
   959 | D:2      | Reached XP level 4. HP: 37/41 MP: 2/2
  1485 | D:2      | Noticed Crazy Yiuf
  1491 | D:2      | Killed Crazy Yiuf
  1491 | D:2      | Reached XP level 5. HP: 47/47 MP: 2/2
  1596 | D:2      | Reached skill level 5 in Maces & Flails
  1875 | D:3      | Noticed raikaria's ghost (average HEWr)
  1881 | D:3      | Killed raikaria's ghost
  2286 | D:3      | Reached skill level 5 in Fighting
  2286 | D:3      | Reached XP level 6. HP: 54/56 MP: 3/3
  2289 | D:3      | Reached skill level 1 in Stealth
  2294 | D:3      | Acquired Trog's third power
  2692 | D:4      | Got a heavily runed brass ring
  2694 | D:4      | Identified the ring "Shioq" {MR+ Dex+3} (You found it on level 4 of the Dungeon)
  2796 | D:4      | Reached skill level 1 in Staves
  3116 | D:4      | Reached skill level 5 in Armour
  3121 | D:4      | Reached XP level 7. HP: 61/61 MP: 3/3
  3724 | D:4      | Found a snail-covered altar of Cheibriados.
  3737 | D:4      | Reached skill level 1 in Bows
  3912 | D:4      | Reached skill level 6 in Armour
  4279 | D:5      | Entered Level 5 of the Dungeon
  4310 | D:5      | Found a shattered altar of Ashenzari.
  4393 | D:5      | Found Zubef's Weapon Shop.
  4504 | D:5      | Found a staircase to the Ecumenical Temple.
  4514 | Temple   | Entered the Ecumenical Temple
  4844 | D:5      | Found Zin's Purification Station.
  4852 | D:5      | Found a glowing silver altar of Zin.
  5217 | D:5      | Gained mutation: You heal slowly when monsters are visible. [potion of mutation]
  5217 | D:5      | Gained mutation: You have sharp toenails. [potion of mutation]
  5217 | D:5      | Gained mutation: You have razor-sharp toenails. [potion of mutation]
  5219 | D:5      | Reached skill level 7 in Fighting
  5219 | D:5      | Reached skill level 5 in Staves
  5219 | D:5      | Reached skill level 8 in Armour
  5219 | D:5      | Reached XP level 8. HP: 67/73 MP: 3/3
  5239 | D:5      | Gained mutation: You can spit poison. [potion of beneficial mutation]
  5594 | D:6      | Noticed Britaniac's ghost (experienced HEFE)
  5603 | D:6      | Killed Britaniac's ghost
  5603 | D:6      | Reached XP level 9. HP: 79/79 MP: 4/4
  5661 | D:6      | Reached skill level 5 in Bows
  5784 | D:6      | Found a glowing drain.
  5788 | Sewer    | Entered a sewer
  6594 | D:6      | Received a gift from Trog
  6986 | D:6      | Received a gift from Trog
  7125 | D:6      | Reached skill level 9 in Armour
  8255 | D:7      | Received a gift from Trog
  8331 | D:7      | Received a gift from Trog
  8549 | D:7      | Reached skill level 1 in Crossbows
  8625 | D:7      | Lost mutation: You have razor-sharp toenails. [potion of cure mutation]
  8625 | D:7      | Lost mutation: You can spit poison. [potion of cure mutation]
  8625 | D:7      | Lost mutation: You have sharp toenails. [potion of cure mutation]
  8625 | D:7      | Lost mutation: You heal slowly when monsters are visible. [potion of cure mutation]
  8750 | D:7      | Noticed dvd's ghost (average OgHu)
  8757 | D:7      | Killed dvd's ghost
  9023 | D:7      | Reached XP level 10. HP: 88/88 MP: 4/4
  9267 | D:7      | Found an ancient bone altar of Kikubaaqudgha.
  9639 | D:8      | Found an iron altar of Okawaru.
  9691 | D:8      | Reached skill level 10 in Armour
  9776 | D:8      | Received a gift from Trog
  9869 | D:8      | Found a deep blue altar of Sif Muna.
  9869 | D:8      | Found a radiant altar of Vehumet.
 10123 | D:9      | Received a gift from Trog
 10517 | D:9      | Found Cryorr's Book Shop.
 10782 | D:9      | Found a basalt altar of Yredelemnul.
 11489 | D:10     | Entered Level 10 of the Dungeon
 11574 | D:10     | Noticed Joseph
 11575 | D:10     | Noticed a hill giant
 11613 | D:9      | Killed a hill giant
 11667 | D:9      | Killed an unseen horror
 11698 | D:10     | Killed Joseph
 11698 | D:10     | Reached XP level 11. HP: 88/95 MP: 4/4
 11726 | D:10     | Noticed a hill giant
 11732 | D:10     | Killed a hill giant
 11732 | D:10     | Reached skill level 11 in Armour
 12025 | D:11     | Noticed Gastronok
 12035 | D:11     | Killed Gastronok
 12035 | D:11     | Reached skill level 5 in Throwing
 12230 | D:11     | Received a gift from Trog
 12338 | D:10     | Identified a scroll of acquirement
 12339 | D:10     | Got a transparent hat
 12350 | D:10     | Identified the +2 hat "Suidi" {+Blink rElec Int+2} (You acquired it on level 10 of the Dungeon)
 12676 | D:10     | Killed an unseen horror
 12698 | D:10     | Noticed a hill giant
 12708 | D:10     | Killed a hill giant
 12708 | D:10     | Reached skill level 12 in Armour
 12909 | D:11     | Got a pair of smoking boots
 12915 | D:11     | Identified the +2 pair of boots of Noughts and Crosses {rCorr Str+3 Stlth+} (You found it on level 11 of the Dungeon)
 12947 | D:11     | Found a staircase to the Lair.
 13180 | D:11     | Noticed Erolcha
 13188 | D:11     | Noticed Fannar
 13190 | D:11     | Killed Erolcha
 13208 | D:11     | Killed Fannar
 13228 | D:11     | Noticed Psyche
 13229 | D:11     | Noticed Nessos
 13239 | D:11     | Killed Psyche
 13251 | D:11     | Killed Nessos
 13464 | D:11     | Found a staircase to the Orcish Mines.
 13468 | D:11     | Noticed a four-headed hydra
 13488 | D:11     | Received a gift from Trog
 13504 | D:11     | Killed a four-headed hydra
 13504 | D:11     | Reached XP level 12. HP: 73/106 MP: 5/5
 13644 | D:11     | Received a gift from Trog
 14279 | Orc:1    | Entered Level 1 of the Orcish Mines
 14279 | Orc:1    | Noticed Dowan
 14281 | Orc:1    | Noticed Duvessa
 14296 | Orc:1    | Killed Duvessa
 14301 | Orc:1    | Killed Dowan
 14309 | Orc:1    | Noticed Grum
 14318 | Orc:1    | Killed Grum
 14318 | Orc:1    | Reached skill level 10 in Fighting
 14416 | Orc:1    | Received a gift from Trog
 14481 | Orc:1    | Received a gift from Trog
 14631 | Orc:1    | Noticed Blork the orc
 14634 | Orc:1    | Killed Blork the orc
 15297 | Lair:1   | Entered Level 1 of the Lair of Beasts
 15463 | Lair:1   | Reached skill level 13 in Armour
 16391 | Lair:2   | Got a pair of ichor-stained gloves
 16397 | Lair:2   | Identified the +0 pair of gloves of the Eleven Hells {Dex+2} (You found it on level 2 of the Lair of Beasts)
 16530 | Lair:2   | Received a gift from Trog
 16759 | Lair:2   | Received a gift from Trog
 17272 | Lair:3   | Noticed a four-headed hydra
 17279 | Lair:3   | Killed a four-headed hydra
 17405 | Lair:3   | Noticed a four-headed hydra
 17425 | Lair:3   | Killed a four-headed hydra
 17496 | Lair:3   | Noticed Rupert
 17508 | Lair:3   | Killed Rupert
 17508 | Lair:3   | Reached XP level 13. HP: 24/114 MP: 5/5
 18162 | Lair:4   | Reached skill level 14 in Armour
 18202 | Lair:4   | Found a staircase to the Shoals.
 18421 | Lair:4   | Received a gift from Trog
 18505 | Lair:4   | Reached XP level 14. HP: 122/124 MP: 5/9
 18625 | Lair:4   | Reached skill level 10 in Staves
 19141 | Lair:5   | Reached skill level 10 in Bows
 19193 | Lair:5   | Received a gift from Trog
 19405 | Lair:5   | Received a gift from Trog
 20168 | Lair:6   | Found a viscous altar of Jiyva.
 20168 | Lair:6   | Found a staircase to the Slime Pits.
 20264 | Lair:6   | Found a staircase to the Snake Pit.
 20757 | Snake:1  | Entered Level 1 of the Snake Pit
 21953 | Snake:2  | Reached skill level 15 in Armour
 22130 | Snake:2  | Noticed Agnes
 22137 | Snake:2  | Killed Agnes
 22141 | Snake:2  | Received a gift from Trog
 22230 | Snake:2  | Got a translucent leather armour
 22241 | Snake:2  | Identified the +0 leather armour "Yselur" {Str+3 Slay+3 Stlth-} (You found it on level 2 of the Snake Pit)
 22349 | Snake:2  | Reached XP level 15. HP: 117/132 MP: 11/11
 22944 | Snake:3  | Noticed Snorg
 22954 | Snake:3  | Killed Snorg
 22998 | Snake:3  | Noticed Saint Roka
 23637 | Snake:2  | Killed Saint Roka
 24018 | Snake:3  | Reached skill level 16 in Armour
 24909 | Snake:4  | Noticed Asterion
 24922 | Snake:4  | Killed Asterion
 25519 | Snake:4  | Received a gift from Trog
 26083 | Snake:5  | Entered Level 5 of the Snake Pit
 26832 | Snake:5  | Reached skill level 17 in Armour
 26922 | Snake:5  | Received a gift from Trog
 26969 | Snake:5  | Received a gift from Trog
 27295 | Snake:5  | Reached XP level 16. HP: 141/141 MP: 11/11
 27629 | Snake:5  | Received a gift from Trog
 28191 | Snake:5  | Received a gift from Trog
 28372 | Snake:5  | Received a gift from Trog
 28372 | Snake:5  | Reached skill level 10 in Maces & Flails
 28831 | Snake:5  | Got a serpentine rune of Zot
 29327 | Lair:7   | Reached skill level 15 in Bows
 29679 | Lair:7   | Found a frozen archway.
 29704 | IceCv    | Entered an ice cave
 29751 | IceCv    | Received a gift from Trog
 29972 | IceCv    | Gained mutation: Your flesh is heat resistant. [potion of beneficial mutation]
 30150 | IceCv    | Received a gift from Trog
 30237 | IceCv    | Received a gift from Trog
 31067 | Lair:8   | Entered Level 8 of the Lair of Beasts
 31080 | Lair:7   | Received a gift from Trog
 31683 | Lair:8   | Reached skill level 18 in Armour
 31804 | Lair:8   | Received a gift from Trog
 31837 | Lair:8   | Reached XP level 17. HP: 67/151 MP: 12/12
 32445 | Lair:8   | Got a heavily runed platinum amulet
 32469 | Lair:8   | Got a bone hunting sling
 32470 | Lair:8   | Identified the +5 hunting sling of Grodiar {freeze, rF+ Dex+4 Stlth+} (You found it on level 8 of the Lair of Beasts)
 32803 | Lair:8   | Received a gift from Trog
 32821 | Lair:8   | Identified the amulet "Mnuttel" {Faith rElec rPois MR+ Slay+3} (You found it on level 8 of the Lair of Beasts)
 32833 | Lair:8   | Got a brightly glowing arbalest {god gift}
 32834 | Lair:8   | Identified the +3 arbalest of a wizard's laboratory {penet, +Inv} (Trog gifted it to you on level 8 of the Lair of Beasts)
 34031 | D:12     | Received a gift from Trog
 35041 | D:13     | Received a gift from Trog
 35175 | D:13     | Received a gift from Trog
 35507 | D:13     | Found a gate to the Vaults.
 35592 | Vaults:1 | Entered Level 1 of the Vaults
 35701 | Vaults:1 | Received a gift from Trog
 35781 | Vaults:1 | Noticed Wiglaf
 35808 | Vaults:1 | Killed Wiglaf
 36215 | Vaults:1 | Received a gift from Trog
 36757 | Vaults:1 | Reached skill level 19 in Armour
 36765 | Vaults:1 | Received a gift from Trog
 37014 | Vaults:1 | Reached XP level 18. HP: 140/161 MP: 4/13
 37310 | Vaults:1 | Received a gift from Trog
 37847 | D:14     | Found Doap's Food Shop.
 37915 | D:14     | Found Suuby's General Store.
 37939 | D:14     | Found Reameuff's Book Shoppe.
 38255 | D:14     | Found Shor's Magic Scroll Shoppe.
 38274 | D:14     | Got a pair of encrusted gloves
 38285 | D:14     | Identified the cursed -2 pair of gloves of Bloclokkoy {MP+9 Slay+5 Stlth+} (You found it on level 14 of the Dungeon)
 38345 | D:14     | Found Qanif's Assorted Antiques.
 38415 | D:14     | Bought a pair of runed gloves for 121 gold pieces
 38483 | D:14     | Bought a blackened chain mail for 256 gold pieces
 38495 | D:14     | Identified the +5 chain mail "Kleapna" {rF++ rC+ Str-2 Dex+3} (You bought it in a shop on level 14 of the Dungeon)
 38508 | D:14     | Noticed Harold
 38516 | D:14     | Killed Harold
 39159 | D:15     | Entered Level 15 of the Dungeon
 39219 | D:15     | Received a gift from Trog
 39226 | D:15     | Found a flickering gateway to a bazaar.
 39234 | Bazaar   | Entered a bazaar
 39234 | Bazaar   | Found Kleskie's Distillery.
 39234 | Bazaar   | Found Puboq's Distillery.
 39237 | Bazaar   | Found Waipsagu's Magic Scroll Emporium.
 39251 | Bazaar   | Found Rimyib's Weapon Shoppe.
 39465 | D:15     | Found a shadowy altar of Dithmenos.
 40049 | D:15     | Found a staircase to the Depths.
 40216 | Depths:1 | Entered Level 1 of the Depths
 40773 | Depths:1 | Reached skill level 15 in Fighting
 40779 | Depths:1 | Received a gift from Trog
 41111 | Depths:1 | Found a gateway to Hell.
 41596 | Depths:1 | Received a gift from Trog
 42147 | Vaults:2 | Found a glowing silver altar of Zin.
 42289 | Vaults:2 | Received a gift from Trog
 42427 | Vaults:2 | Reached skill level 15 in Staves
 42524 | Vaults:2 | Received a gift from Trog
 42569 | Vaults:2 | Reached XP level 19. HP: 142/170 MP: 8/14
 42636 | Vaults:2 | Found Khahulah's Book Shop.
 42803 | Vaults:2 | Received a gift from Trog
 42803 | Vaults:2 | Reached skill level 20 in Armour
 43037 | Vaults:2 | Found Mnaogh's Magic Scroll Shop.
 43394 | Vaults:2 | Received a gift from Trog
 44390 | Vaults:3 | Received a gift from Trog
 44952 | Vaults:3 | Received a gift from Trog
 45095 | Vaults:3 | Found a staircase to the Crypt.
 46417 | Vaults:4 | Received a gift from Trog
 47132 | Vaults:4 | Reached XP level 20. HP: 182/182 MP: 4/14
 47161 | Vaults:4 | Received a gift from Trog
 47686 | Vaults:4 | Received a gift from Trog
 48059 | Vaults:4 | Received a gift from Trog
 48237 | Vaults:4 | Received a gift from Trog
 48237 | Vaults:4 | Reached skill level 10 in Throwing
 48342 | Vaults:4 | Reached skill level 21 in Armour
 48430 | Vaults:4 | Received a gift from Trog
 48574 | Vaults:4 | Found Babinn's Book Boutique.
 48820 | Vaults:5 | Entered Level 5 of the Vaults
 48845 | Vaults:4 | Received a gift from Trog
 49179 | Vaults:5 | Noticed a golden dragon
 49325 | Vaults:4 | Killed a golden dragon
 49761 | Vaults:4 | Reached skill level 10 in Dodging
 50059 | Vaults:4 | Received a gift from Trog
 50591 | Vaults:4 | Reached XP level 21. HP: 81/192 MP: 5/16
 51160 | Vaults:5 | HP: 8/192 [yaktaur captain/bolt of frost (34)]
 51160 | Vaults:5 | HP: 3/192 [yaktaur captain/bolt of frost (5)]
 51162 | Vaults:5 | Noticed a golden dragon
 51201 | Vaults:5 | Killed a golden dragon
 51352 | Vaults:5 | Received a gift from Trog
 51627 | Vaults:5 | Received a gift from Trog
 51711 | Vaults:5 | Got a pitted greatsling
 51712 | Vaults:5 | Identified the +7 greatsling "Demonbane" {speed, rPois rC- Int+2 Dex-2 SInv} (You found it on level 5 of the Vaults)
 51778 | Vaults:5 | Got a vibrating pewter ring
 51782 | Vaults:5 | Identified the ring "Berr" {rC+ Slay+3} (You took it off a deep elf high priest on level 5 of the Vaults)
 51808 | Vaults:5 | Received a gift from Trog
 52228 | Vaults:5 | Received a gift from Trog
 52294 | Vaults:5 | Received a gift from Trog
 52335 | Vaults:5 | Got a warped crystal plate armour
 52359 | Vaults:5 | Identified the +12 crystal plate armour "Warphotu" {rC+ MR- MP+9 Int+5 Stlth+} (You took it off a deep elf high priest on level 5 of the Vaults)
 52369 | Vaults:5 | Reached skill level 22 in Armour
 52458 | Vaults:5 | Got a brightly glowing long sword
 52459 | Vaults:5 | Identified the +8 long sword "Twecyg" {slice, +Fly rPois MR- Str+2 Int+5} (You took it off a tengu reaver on level 5 of the Vaults)
 52738 | Vaults:5 | Received a gift from Trog
 53009 | Vaults:5 | Got a silver rune of Zot
 53720 | Vaults:3 | Received a gift from Trog
 54176 | Shoals:1 | Entered Level 1 of the Shoals
 54196 | Shoals:1 | Received a gift from Trog
 54228 | Shoals:1 | Found Klajijei's Assorted Antiques.
 54242 | Shoals:1 | Found Noin's Armour Emporium.
 54422 | Shoals:1 | Reached XP level 22. HP: 185/202 MP: 17/17
 56000 | Shoals:3 | Noticed Nikola
 56010 | Shoals:3 | Killed Nikola
 56138 | Shoals:3 | Noticed Polyphemus
 56679 | Shoals:2 | Killed Polyphemus
 56888 | Shoals:3 | Received a gift from Trog
 57367 | Shoals:4 | Found Ularch Aliu's Food Shop.
 57448 | Shoals:4 | Found Kut Rohe's Distillery.
 57531 | Shoals:4 | Found Lelimn's Jewellery Shop.
 57909 | Shoals:4 | Found Mnaleg's Weapon Emporium.
 58678 | Shoals:4 | Received a gift from Trog
 58886 | Shoals:5 | Entered Level 5 of the Shoals
 59038 | Shoals:5 | Got a smoking chain mail
 59049 | Shoals:5 | Identified the cursed -2 chain mail "Blascham" {-Cast rElec MP+9 Str+2 Dex+5} (You found it on level 5 of the Shoals)
 59190 | Shoals:5 | Got a barnacled rune of Zot
 59691 | Shoals:5 | Received a gift from Trog
 59723 | Shoals:5 | Noticed Ilsuiw
 59746 | Shoals:5 | Killed Ilsuiw
 60187 | Shoals:5 | Noticed Roxanne
 60202 | Shoals:5 | Killed Roxanne
 60395 | Shoals:5 | Got a vibrating jade amulet
 60396 | Shoals:5 | Identified the amulet "Fuoseos" {Clar -Cast rPois rF+ Int+9 Dex-4} (You found it on level 5 of the Shoals)
 60560 | Shoals:5 | Got a fine tin amulet
 60561 | Shoals:5 | Identified the amulet "Xell" {Faith rC+ rN+} (You found it on level 5 of the Shoals)
 60712 | Shoals:4 | Bought a potion of beneficial mutation for 595 gold pieces
 60712 | Shoals:4 | Bought a potion of beneficial mutation for 595 gold pieces
 60716 | Shoals:4 | Gained mutation: You have supernaturally acute eyesight. [potion of beneficial mutation]
 60717 | Shoals:4 | Gained mutation: You evolve. [potion of beneficial mutation]
 60865 | Lair:4   | Received a gift from Trog
 61130 | Orc:2    | Received a gift from Trog
 61163 | Orc:2    | Received a gift from Trog
 61230 | Orc:2    | Received a gift from Trog
 61399 | Orc:3    | Received a gift from Trog
 61515 | Orc:3    | Noticed Donald
 61528 | Orc:3    | Killed Donald
 61529 | Orc:3    | Received a gift from Trog
 61706 | Orc:3    | Gained mutation: You have an increased reservoir of magic (+10% MP). [evolution]
 61789 | Orc:3    | Noticed Sonja
 61791 | Orc:3    | Killed Sonja
 61929 | Orc:3    | Noticed Nergalle
 61962 | Orc:3    | Killed Nergalle
 62109 | Orc:4    | Entered Level 4 of the Orcish Mines
 62113 | Orc:4    | Received a gift from Trog
 62216 | Orc:4    | Found Qoxax's Book Boutique.
 62246 | Orc:4    | Found a roughly hewn altar of Beogh.
 62397 | Orc:4    | Found Quetan's General Store.
 62542 | Orc:4    | Received a gift from Trog
 62598 | Orc:4    | Received a gift from Trog
 62602 | Orc:4    | Got a crude longbow {god gift}
 62603 | Orc:4    | Identified the +8 longbow "Taiw" {velocity, MR+ SInv} (Trog gifted it to you on level 4 of the Orcish Mines)
 62928 | Orc:4    | Received a gift from Trog
 63396 | Orc:4    | Found a roughly hewn altar of Beogh.
 63450 | Orc:4    | Received a gift from Trog
 63487 | Orc:4    | Found Tryggau's Assorted Antiques.
 63585 | Orc:4    | Reached skill level 23 in Armour
 63730 | Orc:4    | Reached XP level 23. HP: 203/213 MP: 19/19
 63732 | Orc:4    | Found Maiplel's Armour Boutique.
 63768 | Orc:4    | Received a gift from Trog
 63844 | Orc:4    | Found a staircase to the Elven Halls.
 64346 | Elf:1    | Entered Level 1 of the Elven Halls
 64588 | Elf:1    | Found Erao's Assorted Antiques.
 64599 | Elf:1    | Bought a scroll labeled OLUMOR WOPT for 34 gold pieces
 64729 | Elf:1    | Received a gift from Trog
 64871 | Elf:1    | Received a gift from Trog
 65123 | Elf:1    | Received a gift from Trog
 65668 | Depths:2 | Received a gift from Trog
 65973 | Hell     | Entered the Vestibule of Hell
 65973 | Hell     | Noticed Geryon
 65982 | Hell     | Found a gateway to the ashen valley of Gehenna.
 66029 | Hell     | Lost mutation: You have supernaturally acute eyesight. [a cacodemon]
 66575 | Depths:2 | Received a gift from Trog
 67149 | Depths:2 | Noticed Jorgrun
 67156 | Depths:2 | Killed Jorgrun
 67206 | Depths:2 | Identified a +2 rod of destruction (10/10) (You took it off a fire giant on level 2 of the Depths)
 67259 | Depths:2 | Received a gift from Trog
 67549 | Depths:2 | Received a gift from Trog
 67916 | Depths:3 | Found a shattered altar of Ashenzari.
 67969 | Depths:3 | Lost mutation: You evolve. [evolution]
 68602 | Depths:3 | Received a gift from Trog
 68753 | Depths:3 | Received a gift from Trog
 68924 | Depths:3 | Got a smoking steel ring
 68928 | Depths:3 | Got a steaming turquoise ring
 68930 | Depths:3 | Identified the ring "Ghub" {+Fly rN+ Str+3} (You found it on level 3 of the Depths)
 68932 | Depths:3 | Identified the ring of Greater Demons {rN+ Str+2 Int+6} (You found it on level 3 of the Depths)
 69297 | Depths:3 | Found a one-way gate leading to the halls of Pandemonium.
 69356 | Depths:3 | Reached XP level 24. HP: 210/222 MP: 19/19
 69659 | Depths:3 | Received a gift from Trog
 70271 | Depths:4 | Found a gateway to a ziggurat.
 70459 | Depths:4 | Found a one-way gate to the infinite horrors of the Abyss.
 70634 | Depths:4 | Found a portal to a secret trove of treasure.
 70934 | Depths:5 | Entered Level 5 of the Depths
 71061 | Depths:5 | Received a gift from Trog
 71065 | Depths:5 | Got a bloodstained longbow {god gift}
 71066 | Depths:5 | Identified the +8 longbow of the Fifty Suns {freeze, +Blink Int+2 Dex+4 Stlth+} (Trog gifted it to you on level 5 of the Depths)
 71434 | Depths:5 | Reached skill level 24 in Armour
 71469 | Depths:5 | Received a gift from Trog
 71543 | Depths:5 | Received a gift from Trog
 72333 | Depths:5 | Received a gift from Trog
 72649 | Depths:5 | Found a gate to the Realm of Zot.
 72896 | Depths:5 | Received a gift from Trog
 72983 | Zot:1    | Entered Level 1 of the Realm of Zot
 73180 | Zot:1    | Received a gift from Trog
 73265 | Zot:1    | Reached XP level 25. HP: 227/231 MP: 20/20
 74022 | Zot:1    | Received a gift from Trog
 74727 | Zot:2    | Received a gift from Trog
 75564 | Zot:3    | Noticed an orb of fire
 75582 | Zot:3    | Gained mutation: You are dopey. (Int -2) [an orb of fire]
 75588 | Zot:3    | Killed an orb of fire
 75618 | Zot:3    | Lost mutation: You are dopey. (Int -2) [potion of cure mutation]
 75618 | Zot:3    | Lost mutation: You have an increased reservoir of magic (+10% MP). [potion of cure mutation]
 75618 | Zot:3    | Lost mutation: Your flesh is heat resistant. [potion of cure mutation]
 75620 | Zot:3    | Gained mutation: Your natural rate of healing is unusually fast. [potion of beneficial mutation]
 76233 | Zot:3    | Received a gift from Trog
 76736 | Zot:3    | Reached skill level 25 in Armour
 77364 | Zot:4    | Received a gift from Trog
 77381 | Zot:4    | Noticed an orb of fire
 77503 | Zot:4    | Reached XP level 26. HP: 167/242 MP: 20/20
 77931 | Zot:4    | Got an encrusted quarterstaff {god gift}
 77932 | Zot:4    | Identified the +9 quarterstaff "Qasatais" {crush, +Blink MR- Str+3 Stlth-} (Trog gifted it to you on level 4 of the Realm of Zot)
 78021 | Zot:4    | Killed an orb of fire
 78768 | Zot:4    | Received a gift from Trog
 79344 | Zot:4    | Received a gift from Trog
 79582 | Zot:5    | Entered Level 5 of the Realm of Zot
 80026 | Zot:5    | Received a gift from Trog
 80375 | Zot:5    | Noticed an ancient lich
 80380 | Zot:5    | Killed an ancient lich
 80486 | Zot:5    | Noticed an orb of fire
 80489 | Zot:5    | Gained mutation: You are weak. (Str -2) [an orb of fire]
 80494 | Zot:5    | Killed an orb of fire
 80512 | Zot:5    | Noticed an ancient lich
 80552 | Zot:5    | Killed an ancient lich
 80683 | Zot:5    | Reached skill level 26 in Bows
 81121 | Zot:5    | Reached XP level 27. HP: 199/250 MP: 20/20
 81215 | Zot:5    | Got a shimmering executioner's axe
 81216 | Zot:5    | Identified the +7 executioner's axe "Viem" {chop, Int+2} (You took it off a green draconian on level 5 of the Realm of Zot)
 81402 | Zot:5    | Received a gift from Trog
 81429 | Zot:5    | Got the Orb of Zot
 81489 | Zot:5    | Noticed an orb of fire
 81498 | Zot:5    | Gained mutation: You are clumsy. (Dex -2) [an orb of fire]
 81503 | Zot:4    | Gained mutation: Your spells are a little easier to cast, but a little less powerful. [an orb of fire]
 81508 | Zot:4    | Gained mutation: You are very weak. (Str -4) [an orb of fire]
 81513 | Zot:4    | Killed an orb of fire
 81813 | Depths:1 | Noticed Jaosav the pandemonium lord
 81820 | Depths:1 | Noticed Joptowek the pandemonium lord
 82153 | D:3      | Noticed Poguekel the pandemonium lord
 82160 | D:3      | Slain by Poguekel the pandemonium lord

Action                   |  1- 3 |  4- 6 |  7- 9 | 10-12 | 13-15 | 16-18 | 19-21 | 22-24 | 25-27 || total
-------------------------+-------+-------+-------+-------+-------+-------+-------+-------+-------++-------
Melee: Mace              |    65 |    29 |       |       |     1 |       |       |       |       ||    95
       Quarterstaff      |       |    51 |   394 |   339 |   489 |    57 |       |     8 |    12 ||  1350
       Hammer            |       |     8 |    47 |       |       |       |       |       |       ||    55
       Great mace        |       |       |     6 |   162 |    43 |   391 |       |       |       ||   602
       Longbow           |       |       |       |     2 |       |    26 |    21 |     1 |     4 ||    54
       Lajatang          |       |       |       |    12 |       |   677 |  1030 |  1043 |   572 ||  3334
       Unarmed           |       |       |       |       |     3 |       |       |       |       ||     3
       Dire flail        |       |       |       |       |       |       |       |    23 |       ||    23
 Fire: Shortbow          |       |    13 |    39 |     5 |       |       |       |       |       ||    57
       Hunting sling     |       |     6 |    12 |       |       |       |       |       |       ||    18
       Blowgun           |       |       |     4 |       |       |       |       |       |       ||     4
       Hand crossbow     |       |       |    18 |     2 |       |       |       |       |       ||    20
       Longbow           |       |       |       |   178 |   307 |   636 |   516 |  1045 |   576 ||  3258
Throw: Tomahawk          |       |       |    23 |     1 |       |    72 |    71 |    47 |       ||   214
       Javelin           |       |       |    16 |   119 |    26 |    96 |    32 |   141 |    51 ||   481
Invok: Berserk           |       |     3 |     2 |     2 |     4 |     1 |     2 |       |       ||    14
       Trog's Hand       |       |       |     1 |     3 |     3 |     2 |    18 |    11 |    16 ||    54
       Burn Spellbooks   |       |       |       |     6 |     4 |     3 |     4 |     7 |       ||    24
       Brothers in Arms  |       |       |       |       |     1 |       |       |       |       ||     1
 Abil: Evoke Blink       |       |       |       |       |       |     3 |    17 |     3 |       ||    23
Evoke: Wand              |       |       |       |     1 |       |     1 |       |       |       ||     2
  Use: Scroll            |       |     5 |    13 |    12 |     7 |    16 |     8 |    11 |     7 ||    79
       Potion            |       |       |    15 |     4 |     7 |     9 |    12 |    13 |     9 ||    69
 Stab: Paralysed         |       |     1 |     4 |     8 |     8 |       |       |       |       ||    21
       Petrifying        |       |       |     1 |       |     1 |       |       |     1 |       ||     3
       Confused          |       |       |     2 |       |     2 |       |       |       |       ||     4
       Distracted        |       |       |       |     1 |       |       |       |       |       ||     1
  Eat: Chunk             |       |     9 |     7 |    19 |    23 |    30 |    22 |    39 |     2 ||   151
       Bread ration      |       |       |     3 |     1 |     1 |       |     3 |       |     1 ||     9
       Meat ration       |       |       |     1 |       |       |     1 |     1 |     2 |     3 ||     8
       Royal jelly       |       |       |       |     1 |     2 |     1 |     1 |       |     2 ||     7
       Beef jerky        |       |       |       |     1 |     3 |     4 |     1 |     3 |     2 ||    14
       Pizza             |       |       |       |       |       |     5 |     2 |     4 |     1 ||    12
       Fruit             |       |       |       |       |       |       |       |     1 |       ||     1
